 Dungeon Crawl Stone Soup version 0.20-a0-1116-gaa52201 (webtiles) character file.

591269 Shinoi the Hoplite (level 27, -1/223 HPs)
             Began as a Hill Orc Fighter on May 7, 2017.
             Was a High Priest of Okawaru.
             Slain by a juggernaut (41 damage)
             ... on level 3 of the Depths on May 8, 2017.
             The game lasted 04:36:51 (56636 turns).

Shinoi the Hoplite (Hill Orc Fighter)              Turns: 56636, Time: 04:36:52

Health: -1/223     AC: 33    Str: 40    XL:     27
Magic:  10/10      EV:  9    Int:  6    God:    Okawaru [*****.]
Gold:   997        SH: 24    Dex: 16    Spells: 26/26 levels left

rFire    + . .     SeeInvis .   A - +5 demon whip "Spellbinder" {antimagic, MR+}
rCold    + . .     Gourm    .   L - +0 shield of Divine Intervention {+Blink rElec Regen+}
rNeg     + . .     Faith    .   q - +1 gold dragon scales of Reyfolih {rElec rPois rF+ rC+ Dex+4 Slay+2 Stlth-}
rPois    +         Spirit   .   (helmet restricted)
rElec    +         Reflect  +   W - scarf {cloud immunity}
rCorr    +         Harm     .   G - +2 pair of gloves {Str+3}
MR       ++++.     Rnd*Rage +   t - +2 pair of boots {Fly}
Stlth    ..........             D - +5 amulet of reflection
Regen    0.9/turn               F - ring of positive energy
MPRegen  0.2/turn               U - ring of Ciriod {rCorr MR+ Str+5}

@: flying
A: claws 1, horns 1, iridescent scales 1, thin skeletal structure 1, berserk 1,
deterioration 1, dopey 1, frail 1, low mp 1, wild magic 1, evolution 1,
MP-powered wands
}: 4/15 runes: serpentine, barnacled, slimy, silver
a: Heroism, Finesse, Renounce Religion, Evoke Blink, Stop Flying


You were on level 3 of the Depths.
You worshipped Okawaru.
Okawaru was extremely pleased with you.
You were not hungry.

You visited 10 branches of the dungeon, and saw 48 of its levels.
You also visited: Labyrinth.

You collected 7352 gold pieces.
You spent 6355 gold pieces at shops.

Inventory:

Hand Weapons
 g - the +8 eveningstar "Fefion" {vamp, rElec rPois}
   (Okawaru gifted it to you on level 11 of the Dungeon)

   It inflicts no extra harm, but heals its wielder when it wounds a living foe.
   It insulates you from electricity.
   It protects you from poison.
 A - the +5 demon whip "Spellbinder" (weapon) {antimagic, MR+}
   (You found it on level 5 of the Pits of Slime)

   It reduces the magical energy of the wielder, and disrupts the spells and
   magical abilities of those hit.
   Natural abilities and divine invocations are not affected.
   It affects your resistance to hostile enchantments.
 S - a +7 demon whip of electrocution
Missiles
 j - 48 javelins of penetration (quivered)
 N - 29 javelins of returning
Armour
 q - the +1 gold dragon scales of Reyfolih (worn) {rElec rPois rF+ rC+ Dex+4 Slay+2 Stlth-}
   (You bought it in a shop on level 15 of the Dungeon)

   It affects your dexterity (+4).
   It affects your accuracy and damage with ranged weapons and melee attacks
   (+2).
   It protects you from fire.
   It protects you from cold.
   It insulates you from electricity.
   It protects you from poison.
   It makes you less stealthy.
 t - a +2 pair of boots of flying (worn)
 G - a +2 pair of gloves of strength (worn)
 J - the +14 crystal plate armour of Shinoi's Valour {rC- rN+ rCorr Str+3}
   (Okawaru gifted it to you on level 2 of the Depths)

   It affects your strength (+3).
   It makes you vulnerable to cold.
   It protects you from negative energy.
   It protects you from acid and corrosion.
 L - the +0 shield of Divine Intervention (worn) {+Blink rElec Regen+}
   (You took it off Donald on level 1 of the Snake Pit)

   It insulates you from electricity.
   It lets you blink.
   It increases your rate of regeneration.
 W - a scarf of cloud immunity (worn)
Jewellery
 l - an uncursed ring of protection from magic
 D - a +5 amulet of reflection (around neck)
 F - a ring of positive energy (left hand)
 K - the amulet "Xipy" {Inacc *Drain rPois rN+}
   (You found it on level 2 of the Depths)

   [amulet of inaccuracy]

   It reduces the accuracy of all your attacks.
   It protects you from poison.
   It protects you from negative energy.
   It causes draining when unequipped.
 U - the ring of Ciriod (right hand) {rCorr MR+ Str+5}
   (You bought it in a shop on level 11 of the Dungeon)

   [ring of resist corrosion]

   It affects your strength (+5).
   It affects your resistance to hostile enchantments.
 V - an uncursed ring of see invisible
Wands
 b - a wand of digging (11/24)
 c - a wand of iceblast (9/15)
 i - a wand of acid (7/15)
 s - a wand of disintegration (24/24)
 w - a wand of flame (29/48)
Scrolls
 e - 21 scrolls of teleportation
 p - 16 scrolls of remove curse
 r - a scroll of amnesia
 y - 9 scrolls of fear
 B - 6 scrolls of magic mapping
 H - 4 scrolls of blinking
 O - 6 scrolls of identify
Potions
 d - 18 potions of curing
 h - a potion of berserk rage
 n - 4 potions of might
 o - 2 potions of haste
 u - a potion of agility
 x - 2 potions of invisibility
 z - 9 potions of brilliance
 E - 2 potions of resistance
 M - a potion of magic
 Q - 2 potions of cancellation
Comestibles
 a - 23 royal jellies
 f - 21 bread rations
 k - 39 fruits
 v - 41 chunks of flesh
 C - 3 meat rations


   Skills:
 - Level 20.5 Fighting
 - Level 20.3 Maces & Flails
 - Level 17.2 Throwing
 - Level 20.0 Armour
 - Level 1.0 Dodging
 - Level 22.8 Shields
 + Level 16.6 Invocations
 + Level 14.1 Evocations


You had 26 spell levels left.
You didn't know any spells.

Dungeon Overview and Level Annotations

Branches:
Dungeon (15/15)            Temple (1/1) D:5            Lair (6/6) D:8
 Shoals (4/4) Lair:4        Snake (4/4) Lair:4        Slime (5/5) Lair:5
    Orc (2/2) D:9             Elf (3/3) Orc:2        Vaults (5/5) D:13
  Crypt (0/3) Vaults:3     Depths (3/5) D:15

Altars:
Dithmenos
Fedhas
Makhleb
Okawaru
Qazlal
Ru
Sif Muna
Uskayaw
Vehumet
Wu Jian
Xom
Yredelemnul
Zin

Shops:
D:7 ?*   D:9 [=!%}   D:11 =   D:15 [(?   Orc:1 *   Orc:2 **[:%   Elf:1 *
Elf:2 =   Elf:3 *[=(   Vaults:2 [   Depths:1 ==}*

Portals:
Hell: Depths:1 Depths:2 Depths:3
Abyss: Depths:1 Depths:3
Pandemonium: Depths:3
Ziggurat: Depths:2
Trove: D:11 (show abyssal rune of Zot)


Innate Abilities, Weirdness & Mutations

You have sharp fingernails.
You have a pair of small horns on your head.
You are partially covered in iridescent scales. (AC +2)
You have a somewhat thin skeletal structure. (Dex +2, Stealth)
You tend to lose your temper in combat.
Your body sometimes deteriorates upon taking damage.
You are dopey. (Int -2)
You are frail. (-10% HP)
Your magical capacity is low. (-10% MP)
Your spells are a little harder to cast, but a little more powerful.
You evolve.
You expend magic power (3 MP) to strengthen your wands.


Message History

Things that are here:
a spear; a robe An ettin comes into view.
It is wielding two dire flails.
The ettin shouts in stereo!
There is an open door here.
You feel like a meek peon again. You block the juggernaut's attack.
The juggernaut hits you.
You reach down and open the door.
There is an open door here.
The juggernaut hits you!!!
* * * LOW HITPOINT WARNING * * *
You block the juggernaut's attack.
You hear two shouts!
You reach down and open the door.
A stone giant comes into view.
An ettin comes into view. It is wielding two dire flails.
The ettin shouts in stereo!
There is an open door here.
The juggernaut hits you!!!
You die...

.#..##.#.#.########'#######..#.#.
....##......#......## +.##'#+#
)...##...#.#+#..#..# #+ .#C#
....##.###.)#..###C# #. ...
##..##.#...#'#..#..# # ..
.#).##.....)#....=[# ..
....##########.#.#.# .
....###########C#'##
....##≈≈≈≈≈≈##.#@#.##
##..##≈PPPP≈##..)...#
....##≈..⌠.≈#..##..#'#
....##≈....≈+#..##C.#..
)...##≈.P..≈#....#.#'#..
##..##≈....≈'#......#..C
#.#.##≈...8≈###.#.####.#
(##.##≈._..≈≈# #+## #+
(...##≈....8≈≈≈≈≈≈


You could see a juggernaut and an ettin.

Vanquished Creatures
  the Royal Jelly (Slime:5)
  Mara (Vaults:2)
  The ghost of Monsterracer the Conqueror, a legendary GrFi of the Shining One (Slime:5)
  Bai Suzhen (Depths:1)
  Boris (Vaults:3)
  Margery (Vaults:3)
  Saint Roka (Depths:3)
  Vashnia (Snake:2)
  2 golden dragons
  Nikola (Depths:1)
  4 liches
  Jorgrun (Depths:1)
  6 tentacled monstrosities
  Asterion (Depths:1)
  2 quicksilver dragons (Vaults:5)
  7 titans
  18 acid blobs
  3 deep elf blademasters
  3 sphinxes
  Frances (Snake:2)
  The ghost of Graouh the Peltast, an adept MiFi of Okawaru (Depths:1)
  Donald (Snake:1)
  5 storm dragons
  9 tengu reavers
  2 shadow dragons
  8 nagarajas (Snake:4)
  Ilsuiw (Shoals:4)
  12 azure jellies
  7 deep elf sorcerers
  5 fire giants
  14 frost giants
  Aizul (Depths:1)
  20 vault wardens
  3 iron dragons
  9 large abominations
  Louise (D:14)
  7 deep elf elementalists
  A ghoul (Vaults:3)
  4 war gargoyles (Vaults:5)
  25 very ugly things
  19 ironheart preservers
  2 entropy weavers
  Nessos (D:14)
  7 deep elf demonologists
  A vampire knight (Depths:2)
  17 stone giants
  9 deep elf annihilators
  The ghost of Monsterracer the Grappler, a journeyman NaTm of Cheibriados (Lair:2)
  Snorg (D:10)
  16 ettins
  8 deep elf death magi
  4 death oozes (Slime:5)
  6 fire dragons
  9 merfolk javelineers
  8 deep elf high priests
  9 merfolk impalers
  A minotaur (Lab)
  35 vault guards
  11 yaktaur captains
  11 great orbs of eyes
  5 hydras
  Erolcha (D:13)
  8 ice dragons
  An alligator snapping turtle (Shoals:4)
  10 rakshasas
  12 anacondas
  11 centaur warriors
  5 merfolk avatars
  3 death knights
  62 two-headed ogres
  5 tengu warriors
  3 deep troll shamans
  12 naga warriors
  23 dancing weapons
  19 ogre magi
  A spriggan berserker (Depths:2)
  6 death yaks (Lair:1)
  3 deep troll earth magi
  5 merfolk aquamancers
  2 vampire magi (Depths:2)
  10 shock serpents
  7 hell knights
  17 naga sharpshooters
  Urug (D:13)
  27 deep elf knights
  2 fire crabs (Shoals:4)
  A sea snake (shapeshifter) (Vaults:2)
  8 skeletal warriors
  A salamander mystic (Snake:3)
  19 sea snakes
  4 unseen horrors
  2 flayed ghosts
  A death drake (shapeshifter) (D:13)
  A swamp dragon (shapeshifter) (Vaults:5)
  28 ironbrand convokers
  2 glowing orange brains
  11 naga ritualists
  A lindwurm (shapeshifter) (Vaults:5)
  Pikel (D:6)
  20 deep elf archers
  25 deep trolls
  6 wizards
  2 phantasmal warriors
  8 harpies
  A wolf spider (shapeshifter) (D:15)
  5 oklob plants
  14 mana vipers
  88 deep elf magi
  A lindwurm (Lair:4)
  4 necromancers
  17 orc knights
  A mana viper (shapeshifter) (Vaults:1)
  4 orc sorcerers
  A faun (shapeshifter) (Vaults:4)
  6 wolf spiders
  2 fauns (Shoals:1)
  41 ugly things
  13 manticores
  2 salamanders (shapeshifter)
  7 cyclopes
  9 salamanders
  A tengu skeleton (Depths:2)
  5 shining eyes
  A guardian serpent (shapeshifter) (Vaults:1)
  5 guardian serpents
  10 merfolk sirens
  15 naga magi
  12 vault sentinels
  4 water nymphs
  48 black mambas
  A torpor snail (shapeshifter) (Vaults:3)
  7 spiny frogs
  An eye of devastation (Slime:2)
  6 gargoyles
  A spiny frog (shapeshifter) (Depths:3)
  A storm dragon simulacrum (Vaults:3)
  4 centaur skeletons
  14 small abominations
  7 komodo dragons
  28 yaktaurs
  A redback zombie (D:15)
  2 kobold demonologists
  2 rime drakes (Lair:3)
  9 freezing wraiths
  An efreet (D:15)
  A komodo dragon (shapeshifter) (D:15)
  A human skeleton (Vaults:3)
  A polar bear (shapeshifter) (D:13)
  A spriggan skeleton (Depths:2)
  3 meliai (D:13)
  A jumping spider (shapeshifter) (Vaults:4)
  2 meliai (shapeshifter)
  8 trolls
  11 wind drakes
  A jumping spider (Vaults:5)
  44 merfolk
  A queen bee (D:11)
  A hornet (shapeshifter) (Vaults:4)
  5 polar bears
  9 hornets
  96 slime creatures
  4 blink frogs (Lair:4)
  A raiju (shapeshifter) (Depths:3)
  20 hippogriffs
  19 dream sheep
  7 snapping turtles
  A hippogriff (shapeshifter) (Depths:2)
  A tarantella (shapeshifter) (Vaults:3)
  12 spriggans (Lair:6)
  A shadow (D:15)
  An air elemental (Elf:1)
  11 redbacks
  A yak (shapeshifter) (Vaults:2)
  14 water elementals
  5 wyverns
  Sigmund (D:3)
  2 vampires
  A wraith (Vaults:3)
  A fire elemental (Elf:2)
  34 yaks
  A tarantella (Vaults:5)
  6 golden eyes
  2 chaos spawn (Depths:1)
  A hog (shapeshifter) (Vaults:3)
  2 hungry ghosts
  5 basilisks
  2 fire bats (Shoals:4)
  A yaktaur simulacrum (Vaults:3)
  48 nagas
  6 wargs
  A deep troll zombie (Vaults:3)
  Menkaure (D:5)
  2 hell hounds (D:8)
  A soldier ant (D:13)
  2 acid dragons (Vaults:1)
  9 porcupines
  13 water moccasins
  A sky beast (shapeshifter) (Vaults:1)
  A slave (D:6)
  An ettin simulacrum (Depths:2)
  5 eyes of draining
  55 orc warriors
  5 black bears
  2 phantoms
  2 sky beasts
  7 ice beasts
  12 boggarts
  36 ogres
  20 centaurs
  16 wolves (Lair:6)
  15 crocodiles
  2 big kobolds
  A gnoll sergeant (D:3)
  12 bullfrogs
  3 earth elementals
  A wyvern skeleton (D:7)
  3 scorpions
  10 wights
  An orc simulacrum (Vaults:1)
  16 killer bees (D:11)
  An electric eel (Lair:1)
  2 howler monkeys (D:12)
  A lava snake (D:11)
  4 crimson imps
  A quasit (D:9)
  A bullfrog zombie (D:12)
  6 jellies
  2 bullfrog skeletons
  12 orc priests
  8 hounds
  29 orc wizards
  4 iguanas
  Ijyb (D:3)
  Jessica (D:3)
  Natasha (thrice) (D:2)
  10 worker ants
  A hound zombie (D:4)
  A hound skeleton (D:4)
  Robin (D:4)
  4 gnolls (D:3)
  35 adders
  3 oozes
  3 adder skeletons
  2 adder zombies
  A worm (D:5)
  2 dart slugs
  4 leopard geckos
  128 orcs
  A ball python (shapeshifter) (Depths:2)
  2 ball pythons
  6 giant cockroaches
  13 goblins
  9 hobgoblins
  8 jackals
  10 kobolds
  5 quokkas
  9 bats
  8 frilled lizards
  A kobold (shapeshifter) (Vaults:5)
  A leopard gecko skeleton (D:6)
  A leopard gecko zombie (D:9)
  A quokka skeleton (D:5)
  5 rats
  A bush (D:7)
  7 crawling corpses
  A fire vortex (Depths:3)
  3 plants
2189 creatures vanquished.

Vanquished Creatures (others)
  A deep elf master archer (Elf:3)
  A stone giant (Depths:3)
  A deep elf annihilator (Elf:3)
  3 merfolk javelineers
  A yaktaur captain (Vaults:5)
  A centaur warrior (D:15)
  2 naga sharpshooters (Snake:3)
  A deep elf knight (Elf:2)
  A deep elf archer (Elf:3)
  A deep elf mage (Elf:1)
  An ugly thing (Depths:1)
  A faun (Shoals:1)
  2 cyclopes
  A naga mage (Snake:4)
  13 yaktaurs
  An orc warrior (Depths:3)
  An ogre (Vaults:5)
  A boggart (Vaults:1)
  7 centaurs
  2 orcs
  3 kobolds (D:8)
  7 fungi
  24 plants
77 creatures vanquished.

Grand Total: 2266 creatures vanquished

Notes
Turn   | Place    | Note
-------+----------+-------------------------------------------
     0 | D:1      | Shinoi the Hill Orc Fighter began the quest for the Orb.
     0 | D:1      | Reached XP level 1. HP: 19/19 MP: 1/1
   129 | D:1      | You fall through a shaft!
   216 | D:1      | Reached XP level 2. HP: 26/26 MP: 2/2
   416 | D:1      | Reached skill level 1 in Throwing
   606 | D:2      | Found an ornate altar of the Wu Jian Council.
   614 | D:2      | Reached XP level 3. HP: 22/31 MP: 3/3
  1127 | D:2      | Noticed Natasha
  1142 | D:2      | Killed Natasha
  1142 | D:2      | Reached XP level 4. HP: 25/39 MP: 4/4
  1146 | D:2      | Found a sacrificial altar of Ru.
  1357 | D:2      | Noticed Natasha
  1369 | D:2      | Killed Natasha
  1531 | D:3      | Noticed Jessica
  1533 | D:3      | Killed Jessica
  1533 | D:3      | Reached skill level 5 in Maces & Flails
  1533 | D:3      | Reached XP level 5. HP: 45/45 MP: 5/5
  1639 | D:2      | Noticed Natasha
  1646 | D:2      | Killed Natasha
  1853 | D:3      | Noticed Ijyb
  1889 | D:3      | Killed Ijyb
  1995 | D:3      | Reached XP level 6. HP: 46/51 MP: 6/6
  2335 | D:3      | Found a glowing silver altar of Zin.
  2634 | D:3      | Noticed Sigmund
  2663 | D:3      | Killed Sigmund
  2663 | D:3      | Reached XP level 7. HP: 36/59 MP: 7/7
  3010 | D:4      | Noticed Robin
  3021 | D:4      | Killed Robin
  3161 | D:4      | Reached skill level 5 in Fighting
  3460 | D:4      | Reached XP level 8. HP: 69/69 MP: 8/8
  4020 | D:4      | Found a shimmering altar of Xom.
  4215 | D:5      | Entered Level 5 of the Dungeon
  4642 | D:5      | Found a staircase to the Ecumenical Temple.
  4651 | Temple   | Entered the Ecumenical Temple
  4658 | Temple   | Became a worshipper of Warmaster Okawaru
  4752 | D:5      | Reached skill level 4 in Shields
  4801 | D:5      | Noticed Menkaure
  4816 | D:5      | Killed Menkaure
  5162 | D:6      | Noticed Pikel
  5165 | D:6      | Reached * piety under Okawaru
  5165 | D:6      | Reached skill level 5 in Shields
  5331 | D:6      | Reached XP level 9. HP: 47/80 MP: 3/9
  5635 | D:6      | Reached skill level 6 in Shields
  5662 | D:6      | Killed Pikel
  5662 | D:6      | Reached ** piety under Okawaru
  5662 | D:6      | Reached skill level 5 in Armour
  5713 | D:6      | Reached skill level 7 in Shields
  5955 | D:7      | Found Oskeila's General Store.
  6059 | D:7      | Found a blossoming altar of Fedhas.
  6125 | D:7      | Found Codel's Magic Scroll Shoppe.
  6319 | D:7      | Reached *** piety under Okawaru
  6420 | D:7      | Reached skill level 8 in Shields
  6465 | D:7      | Reached XP level 10. HP: 65/91 MP: 10/10
  6648 | D:8      | Found a shadowy altar of Dithmenos.
  6693 | D:8      | Found a radiant altar of Vehumet.
  6728 | D:8      | Found a deep blue altar of Sif Muna.
  6852 | D:8      | Received a gift from Okawaru
  6871 | D:8      | Found a burning altar of Makhleb.
  6969 | D:8      | Noticed a two-headed ogre
  6975 | D:8      | Killed a two-headed ogre
  6975 | D:8      | Reached skill level 9 in Shields
  7011 | D:8      | Found a burning altar of Makhleb.
  7022 | D:8      | Found a staircase to the Lair.
  7081 | D:8      | Gained mutation: Your body sometimes deteriorates upon taking damage. [potion of mutation]
  7081 | D:8      | Gained mutation: You have large cloven feet. [potion of mutation]
  7082 | D:8      | Lost mutation: Your body sometimes deteriorates upon taking damage. [potion of mutation]
  7082 | D:8      | Lost mutation: You have large cloven feet. [potion of mutation]
  7082 | D:8      | Gained mutation: Your magical capacity is low. (-10% MP) [potion of mutation]
  7082 | D:8      | Gained mutation: You have a pair of small horns on your head. [potion of mutation]
  7082 | D:8      | Gained mutation: You are dopey. (Int -2) [potion of mutation]
  7082 | D:8      | Gained mutation: You are partially covered in icy blue scales. (AC +2) [potion of mutation]
  7312 | D:8      | Reached skill level 10 in Fighting
  7329 | D:8      | Reached **** piety under Okawaru
  7430 | D:8      | Found a hide-covered altar of Uskayaw.
  7451 | D:8      | Reached skill level 10 in Shields
  7460 | D:8      | Reached skill level 5 in Throwing
  7869 | D:9      | Found Waje's Distillery.
  7874 | D:9      | Bought a potion of might for 56 gold pieces
  7874 | D:9      | Bought a potion of might for 56 gold pieces
  7885 | D:9      | Found Nompe's Food Boutique.
  7940 | D:9      | Reached XP level 11. HP: 99/99 MP: 5/9
  7949 | D:9      | Noticed a two-headed ogre
  7954 | D:9      | Killed a two-headed ogre
  7967 | D:9      | Found Soepafae's Gadget Shop.
  8074 | D:9      | Received a gift from Okawaru
  8105 | D:9      | Noticed a two-headed ogre
  8139 | D:9      | Killed a two-headed ogre
  8156 | D:9      | Reached ***** piety under Okawaru
  8460 | D:9      | Found a staircase to the Orcish Mines.
  8462 | D:9      | Found Panlurax's Armour Shop.
  8462 | D:9      | Found Upluewed's Jewellery Shop.
  8903 | D:10     | Entered Level 10 of the Dungeon
  9131 | D:10     | Received a gift from Okawaru
  9148 | D:10     | Reached skill level 11 in Shields
  9148 | D:10     | Reached skill level 1 in Invocations
  9312 | D:10     | Got a bloodstained scarf
  9318 | D:10     | Identified the cursed scarf of the Loofah {rPois Dex+4} (You found it on level 10 of the Dungeon)
  9561 | D:10     | Noticed Snorg
  9568 | D:10     | Killed Snorg
  9809 | D:11     | Noticed a two-headed ogre
  9838 | D:11     | Killed a two-headed ogre
  9838 | D:11     | Received a gift from Okawaru
  9989 | D:11     | Received a gift from Okawaru
  9993 | D:11     | Reached XP level 12. HP: 66/106 MP: 6/13
  9998 | D:11     | Got a pitted eveningstar {god gift}
 10444 | D:11     | Found Ixadoid's Jewellery Shop.
 10462 | D:11     | Bought the ring of Ciriod {rCorr MR+ Str+5} for 560 gold pieces
 10524 | D:11     | Reached skill level 10 in Maces & Flails
 10655 | D:11     | Found a portal to a secret trove of treasure.
 10746 | D:12     | Reached skill level 5 in Invocations
 10785 | D:12     | Reached skill level 12 in Shields
 10834 | D:12     | Identified the +8 eveningstar "Fefion" {vamp, rElec rPois} (Okawaru gifted it to you on level 11 of the Dungeon)
 10854 | D:12     | Received a gift from Okawaru
 11196 | D:12     | Received a gift from Okawaru
 11508 | D:12     | Noticed a two-headed ogre
 11513 | D:12     | Killed a two-headed ogre
 11513 | D:12     | Received a gift from Okawaru
 11633 | D:13     | Found a labyrinth entrance.
 11639 | Lab      | Entered a labyrinth
 11672 | Lab      | Received a gift from Okawaru
 11674 | Lab      | Reached skill level 10 in Armour
 11821 | Lab      | Noticed a minotaur
 11826 | Lab      | Killed a minotaur
 11828 | Lab      | Got a clouded amber ring
 11884 | Lab      | Identified the ring of Archecke {Wiz +Fly} (You took it off a minotaur in a labyrinth)
 11946 | D:13     | Noticed a centaur warrior
 11955 | D:13     | Killed a centaur warrior
 11955 | D:13     | Reached skill level 1 in Evocations
 11955 | D:13     | Reached XP level 13. HP: 87/113 MP: 16/16
 12000 | D:13     | Reached ****** piety under Okawaru
 12000 | D:13     | Received a gift from Okawaru
 12027 | D:13     | Found a shimmering altar of Xom.
 12039 | D:13     | Lost mutation: Your magical capacity is low. (-10% MP) [potion of mutation]
 12039 | D:13     | Lost mutation: You are dopey. (Int -2) [potion of mutation]
 12039 | D:13     | Lost mutation: You are partially covered in icy blue scales. (AC +2) [potion of mutation]
 12039 | D:13     | Lost mutation: You have a pair of small horns on your head. [potion of mutation]
 12039 | D:13     | Gained mutation: Your body sometimes deteriorates upon taking damage. [potion of mutation]
 12039 | D:13     | Gained mutation: You can translocate small distances at will. [potion of mutation]
 12111 | D:13     | Noticed Urug
 12115 | D:13     | Killed Urug
 12326 | D:13     | Noticed Erolcha
 12335 | D:13     | Killed Erolcha
 12574 | D:13     | Received a gift from Okawaru
 12599 | D:13     | Found a gate to the Vaults.
 12785 | D:14     | Noticed Nessos
 12798 | D:14     | Killed Nessos
 12802 | D:14     | Received a gift from Okawaru
 12822 | D:14     | Noticed Louise
 12848 | D:14     | Killed Louise
 12961 | D:14     | Noticed a rakshasa
 12979 | D:14     | Killed a rakshasa
 12984 | D:14     | Reached skill level 13 in Shields
 13529 | D:14     | Received a gift from Okawaru
 13530 | D:14     | Got a polished eveningstar {god gift}
 13531 | D:14     | Identified the +11 eveningstar of the Nexus {crush, -Tele Fragile rPois Dex+4} (Okawaru gifted it to you on level 14 of the Dungeon)
 13618 | D:15     | Entered Level 15 of the Dungeon
 13618 | D:15     | Found a deep blue altar of Sif Muna.
 13626 | D:15     | Reached XP level 14. HP: 121/121 MP: 18/18
 13811 | D:15     | Found Odenyari's Antique Armour Shoppe.
 13895 | D:15     | Found Titzovidgh's Weapon Shoppe.
 14045 | D:15     | Received a gift from Okawaru
 14059 | D:15     | Got a fine shield {god gift}
 14060 | D:15     | Identified the +5 shield of Yhemaa {rElec Dex+3} (Okawaru gifted it to you on level 15 of the Dungeon)
 14152 | D:15     | Reached skill level 5 in Evocations
 14544 | D:15     | Found a staircase to the Depths.
 14763 | D:15     | Found Sapp's Magic Scroll Emporium.
 14969 | Lair:1   | Entered Level 1 of the Lair of Beasts
 16364 | Lair:2   | Noticed Monsterracer's ghost (journeyman NaTm)
 16382 | Lair:2   | Killed Monsterracer's ghost
 16382 | Lair:2   | Received a gift from Okawaru
 16526 | Lair:2   | You fall through a shaft for 2 floors!
 16540 | Lair:4   | Reached skill level 14 in Shields
 16674 | Lair:4   | Received a gift from Okawaru
 16674 | Lair:4   | Reached XP level 15. HP: 103/126 MP: 19/19
 16739 | Lair:4   | Found a staircase to the Shoals.
 17819 | Lair:4   | Found a staircase to the Snake Pit.
 18160 | Lair:2   | Reached skill level 10 in Throwing
 19623 | Lair:5   | Reached skill level 15 in Maces & Flails
 19708 | Lair:5   | Found a staircase to the Slime Pits.
 20173 | Lair:6   | Entered Level 6 of the Lair of Beasts
 20717 | Lair:6   | Received a gift from Okawaru
 20739 | Lair:6   | Got a heavily runed chain mail {god gift}
 20740 | Lair:6   | Identified the +0 chain mail of the Spider Nest {rElec Regen+} (Okawaru gifted it to you on level 6 of the Lair of Beasts)
 21329 | Lair:6   | Got a transparent ivory amulet
 21331 | Lair:6   | Identified the amulet of the Cuttlefish {Harm *Drain Str+3} (You found it on level 6 of the Lair of Beasts)
 21714 | Orc:1    | Entered Level 1 of the Orcish Mines
 21779 | Orc:2    | Entered Level 2 of the Orcish Mines
 21789 | Orc:2    | Found Kitom's Food Shop.
 22008 | Orc:2    | Reached skill level 15 in Shields
 22015 | Orc:2    | Found a burning altar of Makhleb.
 22317 | Orc:2    | Found a staircase to the Elven Halls.
 22809 | Orc:2    | Found Uqol's Assorted Antiques.
 22809 | Orc:2    | Found Haakkol's Antique Armour Emporium.
 22811 | Orc:2    | Found Iwugyak's Book Shoppe.
 22813 | Orc:2    | Found Zownisoczi's General Store.
 22817 | Orc:2    | Bought a pair of glowing boots for 217 gold pieces
 22831 | Orc:2    | Bought a +1 plate armour of fire resistance for 595 gold pieces
 23067 | Orc:1    | Found Kimneal's General Store.
 23261 | Orc:1    | Reached XP level 16. HP: 137/137 MP: 20/20
 23778 | Snake:1  | Entered Level 1 of the Snake Pit
 23781 | Snake:1  | Noticed Donald
 23804 | Snake:1  | Killed Donald
 23809 | Snake:1  | Got a heavily runed shield {Donald}
 23820 | Snake:1  | Identified the +0 shield of Divine Intervention {+Blink rElec Regen+} (You took it off Donald on level 1 of the Snake Pit)
 24006 | Snake:1  | Received a gift from Okawaru
 24222 | Snake:1  | Received a gift from Okawaru
 24300 | Snake:1  | Reached skill level 16 in Shields
 24794 | Snake:2  | Received a gift from Okawaru
 24840 | Snake:2  | Received a gift from Okawaru
 24993 | Snake:2  | Noticed Vashnia
 25008 | Snake:2  | Received a gift from Okawaru
 25045 | Snake:2  | Killed Vashnia
 25143 | Snake:2  | Noticed Frances
 25155 | Snake:2  | Killed Frances
 25155 | Snake:2  | Reached skill level 10 in Invocations
 25454 | Snake:3  | Reached XP level 17. HP: 146/146 MP: 24/24
 25543 | Snake:3  | Lost mutation: Your body sometimes deteriorates upon taking damage. [potion of mutation]
 25543 | Snake:3  | Lost mutation: You can translocate small distances at will. [potion of mutation]
 25543 | Snake:3  | Gained mutation: You evolve. [potion of mutation]
 25543 | Snake:3  | Gained mutation: Your body sometimes deteriorates upon taking damage. [potion of mutation]
 25543 | Snake:3  | Gained mutation: You rapidly evolve. [potion of mutation]
 25635 | Snake:3  | Received a gift from Okawaru
 25730 | Snake:3  | Gained mutation: Your flesh is heat resistant. (rF+) [evolution]
 26294 | Snake:3  | Reached skill level 10 in Evocations
 26716 | Snake:4  | Entered Level 4 of the Snake Pit
 26736 | Snake:4  | Received a gift from Okawaru
 27214 | Snake:4  | Received a gift from Okawaru
 27337 | Snake:4  | Received a gift from Okawaru
 27338 | Snake:4  | Got a steaming chain mail {god gift}
 27559 | Snake:4  | Identified the +6 chain mail of the Endless Expanse {rF+ Str+2} (Okawaru gifted it to you on level 4 of the Snake Pit)
 27687 | Snake:4  | Reached XP level 18. HP: 152/154 MP: 20/27
 27807 | Snake:4  | Got a serpentine rune of Zot
 27896 | Snake:4  | Gained mutation: You have a pair of small horns on your head. [evolution]
 27896 | Snake:4  | Lost mutation: You rapidly evolve. [decline of evolution]
 28053 | Snake:1  | Reached skill level 1 in Dodging
 28090 | Shoals:1 | Entered Level 1 of the Shoals
 28507 | Shoals:1 | Received a gift from Okawaru
 29730 | Shoals:3 | Received a gift from Okawaru
 29842 | Shoals:3 | Identified 3 scrolls of acquirement
 29846 | Shoals:3 | Identified the +1 crystal plate armour of the Blue Skies {rElec rC+} (You acquired it on level 3 of the Shoals)
 30073 | Shoals:4 | Entered Level 4 of the Shoals
 30196 | Shoals:4 | Reached skill level 17 in Shields
 30305 | Shoals:4 | Reached XP level 19. HP: 55/162 MP: 24/29
 30317 | Shoals:4 | Received a gift from Okawaru
 30720 | Shoals:4 | Received a gift from Okawaru
 30876 | Shoals:4 | Noticed Ilsuiw
 31006 | Shoals:4 | Killed Ilsuiw
 31228 | Shoals:4 | Got a barnacled rune of Zot
 31842 | Orc:2    | Bought a scroll of identify for 34 gold pieces
 31844 | Orc:2    | Bought a wooden ring for 145 gold pieces
 31844 | Orc:2    | Bought a scroll of identify for 58 gold pieces
 31844 | Orc:2    | Bought a potion of heal wounds for 145 gold pieces
 32031 | Vaults:1 | Entered Level 1 of the Vaults
 32202 | Elf:1    | Entered Level 1 of the Elven Halls
 32454 | Elf:1    | Identified the Volume of the Escort
 32504 | Elf:1    | Gained mutation: You have a somewhat thin skeletal structure. (Dex +2, Stealth) [evolution]
 32563 | Elf:1    | Found Zynt's Assorted Antiques.
 32618 | Elf:1    | Bought 2 potions of might for 232 gold pieces
 33055 | Elf:2    | Received a gift from Okawaru
 33070 | Elf:2    | Reached skill level 15 in Armour
 33135 | Elf:2    | Got a smoking leather armour
 33137 | Elf:2    | Identified the +0 leather armour "Viotturiph" {rPois rC+ rN+ Str-5} (You found it on level 2 of the Elven Halls)
 33284 | Elf:2    | Found Kumer's Jewellery Boutique.
 33304 | Elf:2    | Bought an uncursed ring of protection from magic for 325 gold pieces
 33353 | Elf:2    | Received a gift from Okawaru
 33355 | Elf:2    | Found a runed gate.
 33356 | Elf:2    | Found a runed gate.
 33358 | Elf:2    | Found a runed gate.
 33582 | Elf:2    | Received a gift from Okawaru
 33582 | Elf:2    | Reached XP level 20. HP: 170/174 MP: 30/30
 33906 | Elf:2    | Reached skill level 18 in Shields
 34072 | Elf:3    | Entered Level 3 of the Elven Halls
 34097 | Elf:3    | Found Eteuhol's Armour Boutique.
 34304 | Elf:3    | Found Cigeuju's General Store.
 34363 | Elf:3    | Found Symoople's Weapon Boutique.
 34465 | Elf:3    | Found Ceusmas's Jewellery Shoppe.
 34609 | Elf:3    | Received a gift from Okawaru
 34621 | Elf:3    | Got a twisted scale mail {god gift}
 34622 | Elf:3    | Identified the +3 scale mail "Lorio" {rCorr} (Okawaru gifted it to you on level 3 of the Elven Halls)
 35060 | Elf:3    | Reached skill level 15 in Fighting
 35148 | Elf:3    | Received a gift from Okawaru
 35248 | Elf:3    | Got an encrusted plate armour
 35253 | Elf:3    | Identified the Guide on Earthen Poisoning
 35260 | Elf:3    | Identified the Reference Book on Creative Feathers
 35282 | Elf:3    | Identified the +1 plate armour "Igeppec" {Str+7} (You found it on level 3 of the Elven Halls)
 35718 | Vaults:1 | Received a gift from Okawaru
 35719 | Vaults:1 | Got a twisted morningstar {god gift}
 35720 | Vaults:1 | Identified the +6 morningstar of Lephih Lelle {crush, rF+ Str+2} (Okawaru gifted it to you on level 1 of the Vaults)
 35789 | Vaults:1 | Reached XP level 21. HP: 182/184 MP: 31/31
 36651 | Vaults:1 | Received a gift from Okawaru
 36664 | Vaults:1 | Reached skill level 19 in Shields
 37473 | Vaults:2 | Noticed Mara
 37479 | Vaults:2 | Noticed Shinoi's illusion
 38520 | Vaults:2 | Gained mutation: Your spells are a little harder to cast, but a little more powerful. [evolution]
 38594 | Vaults:2 | Found Oga Hues's Armour Boutique.
 38607 | Vaults:2 | Received a gift from Okawaru
 38672 | Vaults:2 | Received a gift from Okawaru
 38930 | Vaults:2 | Reached XP level 22. HP: 195/195 MP: 32/32
 39136 | Vaults:2 | Noticed Shinoi's illusion
 39145 | Vaults:2 | Killed Mara
 39381 | Vaults:3 | Noticed Margery
 39405 | Vaults:3 | Killed Margery
 39677 | Vaults:3 | Received a gift from Okawaru
 39904 | Vaults:3 | Received a gift from Okawaru
 40190 | Vaults:3 | Received a gift from Okawaru
 40313 | Vaults:3 | Received a gift from Okawaru
 40330 | Vaults:3 | Reached skill level 20 in Shields
 40419 | Vaults:3 | Found a staircase to the Crypt.
 40653 | Vaults:3 | Noticed Boris
 40661 | Vaults:3 | Killed Boris
 40844 | Vaults:3 | Reached XP level 23. HP: 206/206 MP: 33/33
 40929 | Vaults:3 | Received a gift from Okawaru
 41321 | Vaults:4 | Received a gift from Okawaru
 41324 | Vaults:4 | Reached skill level 15 in Throwing
 41787 | Vaults:4 | Received a gift from Okawaru
 41904 | Vaults:4 | Received a gift from Okawaru
 41928 | Vaults:4 | Got an iridescent dire flail {god gift}
 41929 | Vaults:4 | Identified the +7 dire flail "Udghoforph" {venom, Str+2 Stlth+} (Okawaru gifted it to you on level 4 of the Vaults)
 42661 | Vaults:5 | Entered Level 5 of the Vaults
 42711 | Vaults:5 | Received a gift from Okawaru
 42767 | Vaults:5 | Received a gift from Okawaru
 42917 | Vaults:5 | Reached skill level 21 in Shields
 42927 | Vaults:5 | Reached XP level 24. HP: 218/218 MP: 26/33
 43110 | Vaults:5 | Received a gift from Okawaru
 43351 | Vaults:5 | Identified the Grimoire of Beguiling
 43361 | Vaults:5 | Got a faintly glowing glass ring
 43504 | Vaults:5 | Received a gift from Okawaru
 43653 | Vaults:5 | Received a gift from Okawaru
 43771 | Vaults:5 | Got a silver rune of Zot
 44105 | Vaults:5 | Identified the cursed ring "Tupridd" {-Tele *Corrode rC+++ Dex-2 Slay+5} (You took it off a deep elf sorcerer on level 5 of the Vaults)
 44269 | Vaults:5 | Received a gift from Okawaru
 44272 | Vaults:5 | Got an ichor-stained flail {god gift}
 44273 | Vaults:5 | Identified the +9 flail of Athiteu {vamp, rElec rPois} (Okawaru gifted it to you on level 5 of the Vaults)
 44354 | Vaults:5 | Reached XP level 25. HP: 228/228 MP: 33/33
 44500 | Vaults:5 | Gained mutation: You are partially covered in iridescent scales. (AC +2) [evolution]
 45106 | Vaults:5 | Got a faintly humming troll leather armour
 45203 | Vaults:5 | Got an ancient hunting sling
 45482 | Vaults:5 | Got a faintly glowing war axe
 46923 | Vaults:1 | Identified the cursed +1 troll leather armour "Niyn" {rPois Regen+} (You found it on level 5 of the Vaults)
 47195 | D:7      | Bought a scroll of enchant weapon for 112 gold pieces
 47331 | D:9      | Bought a potion of resistance for 140 gold pieces
 47331 | D:9      | Bought a potion of haste for 140 gold pieces
 47331 | D:9      | Bought a potion of haste for 140 gold pieces
 48058 | D:15     | Bought transparent gold dragon scales for 3400 gold pieces
 48068 | D:15     | Identified the +1 gold dragon scales of Reyfolih {rElec rPois rF+ rC+ Dex+4 Slay+2 Stlth-} (You bought it in a shop on level 15 of the Dungeon)
 48245 | D:12     | Got a smelly leather armour
 48379 | Lair:2   | Got an encrusted broad axe
 48518 | Shoals:4 | Got an ancient rapier {god gift}
 48635 | Lair:3   | Got an ichor-stained robe
 49001 | Vaults:2 | Got a jewelled longbow {god gift}
 49373 | Elf:3    | Got a faintly glowing robe
 51228 | Slime:1  | Entered Level 1 of the Pits of Slime
 51700 | Slime:2  | Gained mutation: Your magical capacity is low. (-10% MP) [a shining eye]
 51704 | Slime:2  | Gained mutation: You have sharp fingernails. [a shining eye]
 51768 | Slime:2  | Gained mutation: You expend magic power (3 MP) to strengthen your wands. [a shining eye]
 52015 | Slime:2  | Received a gift from Okawaru
 52444 | Slime:5  | Entered Level 5 of the Pits of Slime
 52466 | Slime:5  | Noticed Monsterracer's ghost (legendary GrFi)
 52503 | Slime:5  | Killed Monsterracer's ghost
 52503 | Slime:5  | Reached skill level 22 in Shields
 52515 | Slime:5  | Received a gift from Okawaru
 52762 | Slime:5  | Noticed the Royal Jelly
 52785 | Slime:5  | Killed the Royal Jelly
 52913 | Slime:5  | Received a gift from Okawaru
 53006 | Slime:5  | Gained mutation: You are frail. (-10% HP) [a shining eye]
 53012 | Slime:5  | Gained mutation: You are dopey. (Int -2) [a shining eye]
 53029 | Slime:5  | Gained mutation: You tend to lose your temper in combat. [a shining eye]
 53247 | Slime:5  | Got a slimy rune of Zot
 53302 | Slime:5  | Got a twisted spear
 53305 | Slime:5  | Got a warped scale mail
 53335 | Slime:5  | Identified the +6 scale mail of the Bulwark {rC+ MR+ Int+5} (You found it on level 5 of the Pits of Slime)
 53882 | Depths:1 | Entered Level 1 of the Depths
 53939 | Depths:1 | Found a gateway to Hell.
 53955 | Depths:1 | Found Qerol's Jewellery Emporium.
 53956 | Depths:1 | Found Cyjus's Gadget Boutique.
 53957 | Depths:1 | Found Rakibropt's Jewellery Emporium.
 54002 | Depths:1 | Noticed Aizul
 54016 | Depths:1 | Killed Aizul
 54236 | Depths:1 | Noticed Jorgrun
 54243 | Depths:1 | Killed Jorgrun
 54294 | Depths:1 | Noticed Graouh's ghost (adept MiFi)
 54297 | Depths:1 | Noticed Bai Suzhen
 54308 | Depths:1 | Killed Graouh's ghost
 54323 | Depths:1 | Killed Bai Suzhen
 54331 | Depths:1 | Noticed Asterion
 54351 | Depths:1 | Killed Asterion
 54351 | Depths:1 | Reached XP level 26. HP: 215/215 MP: 27/30
 54385 | Depths:1 | Found Ivaki's Changing Room.
 54465 | Depths:1 | Noticed Nikola
 54480 | Depths:1 | Killed Nikola
 54565 | Depths:1 | Received a gift from Okawaru
 54755 | Depths:1 | Found a one-way gate to the infinite horrors of the Abyss.
 54988 | Depths:2 | Received a gift from Okawaru
 55006 | Depths:2 | Found a gateway to a ziggurat.
 55151 | Depths:2 | Received a gift from Okawaru
 55592 | Depths:2 | Lost mutation: Your flesh is heat resistant. (rF+) [evolution]
 55695 | Depths:2 | Found a runed door.
 55715 | Depths:2 | Received a gift from Okawaru
 55716 | Depths:2 | Got a smoking crystal plate armour {god gift}
 55762 | Depths:2 | Got a fine ruby amulet
 55775 | Depths:2 | Identified the amulet "Xipy" {Inacc *Drain rPois rN+} (You found it on level 2 of the Depths)
 55777 | Depths:2 | Identified the +14 crystal plate armour of Shinoi's Valour {rC- rN+ rCorr Str+3} (Okawaru gifted it to you on level 2 of the Depths)
 55825 | Depths:3 | Noticed Saint Roka
 55849 | Depths:3 | Killed Saint Roka
 56017 | Depths:3 | Found a one-way gate leading to the halls of Pandemonium.
 56251 | Depths:3 | Found a shimmering altar of Xom.
 56252 | Depths:3 | Found a burning altar of Makhleb.
 56252 | Depths:3 | Found an ornate altar of the Wu Jian Council.
 56353 | Depths:3 | Reached skill level 15 in Invocations
 56576 | Depths:3 | Received a gift from Okawaru
 56583 | Depths:3 | Reached XP level 27. HP: 36/223 MP: 6/31
 56615 | Depths:3 | Noticed a juggernaut
 56636 | Depths:3 | Slain by a juggernaut

Vault maps used:
D:1:      ncdulo_smallfort
D:2:      nicolae_overflow_crystal_walls, old_standard_altar, first_bread,
          uniq_natasha
D:3:      zin_treasury, uniq_ijyb, uniq_jessica, uniq_sigmund
D:4:      tgw_xom, uniq_robin
D:5:      uniq_menkaure
D:6:      uniq_pikel
D:7:      fedhas_bush_and_centaur_altar, serial_shops,
          nicolae_shop_behind_doors, shop
D:8:      fiery_altar_vehumet, lemuel_crystal_altar, lemuel_doored_altar,
          nicolae_dithmenos_the_darkroom, makhleb_heckhound_becter,
          minmay_lair_entry_lava, basic_altar
D:9:      orc_david_3, serial_shops, kennysheep_mini, shop, shop,
          nicolae_shop_waterfront
D:10:     uniq_snorg
D:11:     serial_shops, kennysheep_little_box, nicolae_trove_entry_columns,
          david_nohive_1
D:12:     kennysheep_boxes
D:13:     david_vaults_4, lab_entry_generic, minmay_misc_feat_four_crosses,
          lemuel_statue_altar, uniq_urug, uniq_erolcha
D:14:     uniq_nessos, uniq_louise
D:15:     gammafunk_enter_depths_forms, basic_altar, serial_shops, shop,
          nicolae_shop_crystal, nicolae_shop_crystal
Temple:   hc_temple_tempest_star
Lair:1:   serial_bayou_shore_a, infiniplex_staircase_pool_2
Lair:2:   minmay_lair_venomous_thicket, serial_bayou_shore_b
Lair:4:   elwin_shoals_entry_rocks, minmay_snake_entry_guardpost_small,
          minmay_lair_oklob_chamber, grunt_megastairs_5
Lair:5:   nicolae_slime_entry_slimehenge, serial_bayou_pond_e,
          minmay_stone_trees_small
Lair:6:   minmay_lair_end_enchanted_forest, grunt_megastairs_1,
          serial_bayou_shore_b, serial_bayou_shore_b
Shoals:3: nicolae_shoals_mertower
Shoals:4: shoals_end_grunt_ice, shoals_ilsuiw_alternative,
          hangedman_shoal_volcano
Snake:1:  uniq_donald
Snake:2:  uniq_frances, uniq_vashnia
Snake:3:  st_stairs_5, lemuel_fruit_tree
Snake:4:  grunt_snake_rune_pools, st_stairs_4
Orc:1:    serial_shops, shop
Orc:2:    st_orc_rangers, serial_shops,
          nicolae_shop_competitors_out_of_business, basic_altar
Elf:1:    eino_elf_arrival_shootout, serial_shops, shop, minmay_elf_demonology
Elf:2:    serial_shops, nicolae_shop_statue_plus
Elf:3:    minmay_elf_hall_curves, serial_shops, shop, shop,
          nicolae_shop_waterfront, nicolae_shop_stone, item_on_display_a
Vaults:1: vaults_room_ringed_pool, nicolae_vaults_network_square, v_misc_31,
          vaults_mumra_hex, hangedman_vaults_cutoff, v_misc_19, v_misc_30,
          vaults_room_pool, ontoclasm_vaults_shuriken, vaults_dpeg_hooks
Vaults:2: ontoclasm_vaults_spin, grunt_vaults_hallway_long,
          nicolae_vaults_little_squares_6, hangedman_vaults_stretched_pinwheel,
          vaults_standard_mumra_lines, ontoclasm_vaults_misaligned,
          nicolae_vaults_shelves_hall, vaults_room_octagon,
          ontoclasm_vaults_pinch, v_misc_27, vaults_dpeg_ring, serial_shops,
          shop_fountains, uniq_mara
Vaults:3: st_star, nicolae_vaults_big_ls, ontoclasm_vaults_misaligned, v_misc_5,
          ontoclasm_vaults_ring_large, ontoclasm_vaults_chip, v_misc_10,
          v_misc_3, grunt_vaults_hallway_long, vaults_dpeg_encased_lava,
          grunt_vaults_hallway_short, v_misc_15, uniq_boris, uniq_margery
Vaults:4: v_pattern_2, nicolae_vaults_fighting_squares,
          nicolae_vaults_little_squares_1, hangedman_vaults_maws,
          nicolae_vaults_border_crossing, hangedman_vaults_corner_blocks,
          hangedman_vaults_capsules, v_alt_pattern_3,
          ontoclasm_vaults_ring_small, nicolae_vaults_little_ls, v_rooms_5,
          v_misc_8, hangedman_vaults_trim
Vaults:5: serial_shops
Depths:1: nicolae_lava_and_water, hell_entry, minmay_room_of_horrors,
          hangedman_abyss_or_decor_lesser_grid, spider_trap,
          nicolae_transmutations_shop, minmay_shop_grove, serial_bayou_shore_b,
          uniq_bai_suzhen, uniq_aizul, uniq_nikola, uniq_jorgrun, uniq_asterion
Depths:2: minmay_gate_of_8, enter_ziggurat_f, hell_entry
Depths:3: hangedman_slaughterboxes, pan_entry, abyss_entry, hell_entry,
          uniq_saint_roka
Lab:      labyrinth_watery, nicolae_lab_hexagon, nicolae_lab_very_dead_end,
          nicolae_lab_blocks, nicolae_lab_dead_end, nicolae_lab_diamond,
          labyrinth_fake_exit, nicolae_lab_garden, labyrinth_skeletal_remains,
          labyrinth_lava_lair

Skill      XL: |  1  2  3  4  5  6  7  8  9 10 11 12 13 14 15 16 17 18 19 20 21 22 23 24 25 26 |
---------------+-------------------------------------------------------------------------------+-----
Maces & Flails | 3 4 5 6 7 9 11 13 14 15 16 17 18 19 20 | 20.3
Throwing       | 1 2 3 4 5 6 7 8 9 10 11 12 13 14 15 16 17 | 17.2
Fighting       | 4 5 7 9 10 11 12 14 15 16 17 18 19 20 | 20.5
Shields        | 5 8 10 11 12 13 14 15 16 17 18 19 20 21 22 | 22.8
Armour         | 4 6 8 9 10 11 12 13 14 15 16 17 18 19 20 | 20.0
Invocations    | 4 6 10 16 | 16.6
Evocations     | 1 3 6 7 13 14 | 14.1
Dodging        | 1 |  1.0

Action                   |  1- 3 |  4- 6 |  7- 9 | 10-12 | 13-15 | 16-18 | 19-21 | 22-24 | 25-27 || total
-------------------------+-------+-------+-------+-------+-------+-------+-------+-------+-------++-------
Melee: Flail             |   113 |   149 |   400 |   609 |       |       |       |       |       ||  1271
       Unarmed           |       |    28 |       |       |       |       |       |       |       ||    28
       Headbutt          |       |       |       |   123 |     4 |   115 |   491 |   515 |   473 ||  1721
       Eveningstar       |       |       |       |    69 |   937 |  1446 |  1722 |  1644 |  1056 ||  6874
       Demon whip        |       |       |       |       |       |       |       |       |   147 ||   147
Throw: Javelin           |     4 |    10 |    14 |    43 |   102 |    86 |   114 |    38 |    28 ||   439
       Tomahawk          |       |       |       |     6 |     7 |       |       |       |       ||    13
Invok: Heroism           |       |       |       |     6 |    13 |    15 |    23 |    16 |    13 ||    86
       Finesse           |       |       |       |     3 |     8 |    12 |    19 |    13 |     9 ||    64
 Abil: Blink             |       |       |       |       |     1 |       |       |       |       ||     1
       Evoke Blink       |       |       |       |       |       |     1 |     1 |     3 |     4 ||     9
       Evoke Flight      |       |       |       |       |       |    25 |    11 |       |       ||    36
       Stop Flying       |       |       |       |       |       |       |     1 |       |       ||     1
Evoke: Wand              |       |       |       |       |       |       |     1 |       |     2 ||     3
  Use: Scroll            |       |       |    13 |    15 |    14 |    11 |    11 |    15 |     8 ||    87
       Potion            |       |       |     2 |    16 |     8 |    10 |     9 |     8 |     2 ||    55
 Stab: Paralysed         |       |       |       |       |       |       |       |       |     4 ||     4
  Eat: Chunk             |     1 |     5 |    12 |    11 |    12 |    11 |    12 |     8 |    10 ||    82
       Meat ration       |       |       |     1 |     3 |     5 |     2 |     4 |     2 |     6 ||    23
       Fruit             |       |       |     1 |     1 |     1 |     2 |       |       |       ||     5
       Royal jelly       |       |       |     1 |       |       |       |       |       |       ||     1
       Bread ration      |       |       |       |     1 |       |     1 |       |       |       ||     2
Armor: Scale mail        |    49 |    14 |       |       |       |       |       |       |       ||    63
       Chain mail        |       |    36 |   196 |   108 |       |   113 |       |       |       ||   453
       Skin              |       |     2 |       |       |       |       |       |       |       ||     2
       Ring mail         |       |       |       |    60 |   118 |       |       |       |       ||   178
       Plate armour      |       |       |       |       |     8 |   294 |       |       |       ||   302
       Crystal plate arm |       |       |       |       |       |    62 |   511 |   369 |    17 ||   959
       Gold dragon scale |       |       |       |       |       |       |       |       |   392 ||   392
Dodge: Dodged            |    38 |    35 |    66 |   142 |   146 |   279 |   256 |   170 |   188 ||  1320
Block: Shield            |    68 |    83 |   302 |   567 |   686 |  1449 |  1306 |  1125 |   929 ||  6515
       Reflection        |     3 |     1 |     9 |    24 |    30 |   153 |   118 |    78 |    44 ||   460
       Large shield      |       |       |       |       |   127 |       |       |       |       ||   127
